 Dungeon Crawl Stone Soup version 0.31-a0-222-gefeffbb62a (webtiles) character file.

Game seed: 9984775903109286516

9215 nono the Covert (level 11, -16/83 HPs)
             Began as a Vampire Fighter on July 5, 2023.
             Was a Priest of Dithmenos.
             Demolished by a komodo dragon (24 damage)
             ... on level 1 of the Lair of Beasts.
             The game lasted 00:26:02 (8638 turns).

nono the Covert (Vampire Fighter)                   Turns: 8638, Time: 00:26:03

Health: -16/83     AC:  8    Str: 19    XL:     11   Next: 20%
Magic:  11/11      EV: 15    Int: 11    God:    Dithmenos [***...]
Gold:   628        SH:  4    Dex: 14    Spells: 10/10 levels left

rFire   . . .        a - +6 double sword (freeze)
rCold   . . .        c - +0 buckler
rNeg    . . .        H - +3 leather armour {rPois}
rPois   +            (no helmet)
rElec   .            (no cloak)
rCorr   .            R - +0 pair of gloves
SInv    +            S - +0 pair of boots
Will    +....        K - amulet of regeneration
Stlth   +++++++      o - ring of poison resistance
HPRegen 1.33/turn    (no ring)
MPRegen 0.12/turn

%: no passive effects
@: healing quickly, wreathed by umbra, invisible
A: alive, fangs 3, see invisible, vampiric 2
a: Exsanguinate, Renounce Religion, Shadow Step


You were on level 1 of the Lair of Beasts.
You worshipped Dithmenos.
Dithmenos was most pleased with you.
You visited 2 branches of the dungeon, and saw 11 of its levels.

You collected 628 gold pieces.

Inventory:

Hand Weapons
 a - a +6 double sword of freezing (weapon)
 b - a +1 dagger of venom
 l - a +2 short sword of draining
 n - a +0 long sword
 I - a +1 dagger of flaming
Missiles
 J - 5 throwing nets
Armour
 c - a +0 buckler (worn)
 h - a +0 scale mail
 z - a +0 leather armour
 B - a +0 ring mail
 H - a +3 leather armour of poison resistance (worn)
 R - a +0 pair of gloves (worn)
 S - a +0 pair of boots (worn)
Jewellery
 g - an amulet of guardian spirit
 o - a ring of poison resistance (left hand)
 D - a ring of fire
 G - an amulet of magic regeneration
 K - an amulet of regeneration (around neck)
 O - a ring of ice
Wands
 q - a wand of paralysis (3)
 P - a wand of flame (19)
Scrolls
 f - a scroll of noise {unknown}
 m - a scroll of summoning {unknown}
 r - 3 scrolls of enchant weapon {unknown}
 u - 4 scrolls of fear {unknown}
 y - 2 scrolls of enchant armour {unknown}
 C - 4 scrolls of teleportation {unknown}
 F - a scroll of revelation
 M - a scroll of blinking {unknown}
 N - a scroll of immolation
 Q - a scroll of fog {unknown}
 U - a scroll of amnesia {unknown}
 V - a scroll of poison {unknown}
 W - a scroll of silence {unknown}
Potions
 d - a potion of haste
 i - 2 potions of mutation
 j - 2 potions of degeneration {unknown}
 k - 5 potions of curing
 p - a potion of cancellation
 s - a potion of attraction
 t - 2 potions of ambrosia
 w - 3 potions of lignification {unknown}
 x - 3 potions of enlightenment {unknown}
 A - 2 potions of resistance {unknown}
 E - a potion of berserk rage {unknown}
 T - a potion of magic {unknown}


   Skills:
 + Level 6.9 Fighting
 - Level 3.5(7.8) Short Blades
 + Level 10.0(10.2) Long Blades
 - Level 2.4 Armour
 + Level 9.6 Dodging
 + Level 13.4 Stealth
 - Level 2.8 Shields


You had 10 spell levels left.
You didn't know any spells.
Your spell library contained the following spells:

 Spells                   Type           Power      Damage    Failure   Level
 Apportation              Tloc           0%         N/A       47%         1
 Magic Dart               Conj           0%         1d3       47%         1
 Call Imp                 Summ           0%         N/A       63%         2
 Poisonous Vapours        Pois/Air       0%         N/A       63%         2
 Searing Ray              Conj           0%         2d4       63%         2
 Mephitic Cloud           Conj/Pois/Air  0%         N/A       85%         3
 Summon Guardian Golem    Hex/Summ       0%         N/A       85%         3
 Fulminant Prism          Conj/Hex       0%         3d5       99%         4
 Alistair's Intoxication  Tmut/Pois      0%         N/A       100%        5
 Freezing Cloud           Conj/Ice/Air   0%         6-21      100%        5
 Orb of Destruction       Conj           0%         9d5       100%        7
 Spellforged Servitor     Conj/Summ      0%         N/A       100%        7


Dungeon Overview and Level Annotations

Branches:
Dungeon (10/15)            Temple (0/1) D:7            Lair (1/5) D:10
    Orc (0/2) D:10

Altars:
Dithmenos
Gozag
Kikubaaqudgha
Nemelex Xobeh
Trog
Uskayaw
Wu Jian

Shops:
D:1 :

Annotations:
Lair:1 P0068685's ghost, journeyman HuIE


Innate Abilities, Weirdness & Mutations

Your natural rate of healing is accelerated.
You have razor-sharp teeth.
You have supernaturally acute eyesight. (SInv)
You are afflicted with vampirism and can become a bat while bloodless.


Message History

* * * LOW HITPOINT WARNING * * *
The komodo dragon attacks as you move away!
The komodo dragon barely misses you.
Found a scroll of identify.
The komodo dragon attacks as you move away!
The komodo dragon closely misses you.
The komodo dragon attacks as you move away!
The komodo dragon bites you!
* * * LOW HITPOINT WARNING * * *
You feel much better. The komodo dragon bites you.
You hit the komodo dragon. You freeze the komodo dragon.
The komodo dragon is lightly wounded.
The komodo dragon bites you!
* * * LOW HITPOINT WARNING * * *
You hit the komodo dragon but do no damage.
The komodo dragon is lightly wounded.
The komodo dragon misses you.
You barely miss the komodo dragon.
The komodo dragon is lightly wounded.
The komodo dragon bites you!
* * * LOW HITPOINT WARNING * * *
You feel much better. You block the komodo dragon's attack.
Your +6 double sword of freezing stops glowing.
Your +1 dagger of venom begins to drip with poison!
b - a +1 dagger of venom (weapon)
You hit the komodo dragon but do no damage.
The komodo dragon is poisoned.
The komodo dragon is lightly wounded.
The komodo dragon bites you!!
You hit the komodo dragon.
The komodo dragon looks even sicker.
You bite the komodo dragon.
The komodo dragon is lightly wounded.
Your +1 dagger of venom stops dripping with poison.
Your +6 double sword of freezing glows with a cold blue light!
a - a +6 double sword of freezing (weapon)
The komodo dragon bites you!!
* * * LOW HITPOINT WARNING * * *
You fade into invisibility!
The komodo dragon bites you!!
You die...

...... #...............#
.#########..########....##
............# #....# ...........#
######....# ###
#.##......###.#.##....# #.#
.###..#....####........... #.#
...........# ##.......... #.#
...........###.?..........### #.#
........†....#.l@.........#.###.#
..................#P####........#
......(...........# #.........
..................# #........#
..................# ##........#
.######......###### #.........#
#.....## ##.......## #......#
##........## #.?....#
#...<.....##


You could see a komodo dragon (unable to see you, very poisoned).

Vanquished Creatures
  2 two-headed ogres (D:9)
  3 cane toads (Lair:1)
  An unseen horror (D:8)
  2 komodo dragons
  Grinder (D:4)
  Prince Ribbit (D:7)
  Sigmund (D:4)
  12 yaks
  A wyvern (D:9)
  Eustachio (D:4)
  Grum (D:10)
  A steam dragon (D:7)
  2 water moccasins
  Duvessa (D:7)
  An ice beast (D:6)
  2 orc warriors
  A black bear (Lair:1)
  2 ogres
  6 centaurs
  2 wolves (D:10)
  3 kobold brigands
  A gnoll sergeant (D:9)
  4 bullfrogs
  2 scorpions
  3 wights
  Dowan (D:7)
  10 killer bees
  A howler monkey (D:6)
  7 orc priests
  9 iguanas
  Terence (D:3)
  Jessica (D:3)
  A sleepcap (D:7)
  2 orc wizards
  3 gnolls (D:7)
  7 adders
  2 white imps
  3 ufetubi
  4 dart slugs
  A worm (D:2)
  23 orcs
  5 ball pythons
  6 endoplasms
  4 giant cockroaches
  6 goblins
  3 hobgoblins
  5 quokkas
  4 bats
  2 frilled lizards
  24 kobolds
  5 rats
197 creatures vanquished.

Notes
Turn   | Place    | Note
-------+----------+-------------------------------------------
     0 | D:1      | nono the Vampire Fighter began the quest for the Orb.
     0 | D:1      | Reached XP level 1. HP: 17/17 MP: 1/1
   129 | D:1      | Reached skill level 1 in Stealth
   186 | D:1      | Reached XP level 2. HP: 23/23 MP: 2/2
   317 | D:1      | Reached skill level 2 in Stealth
   345 | D:1      | Found Teuvinaj's Book Shoppe.
   627 | D:2      | Reached skill level 3 in Stealth
   638 | D:2      | Gained mutation: You are afflicted with vampirism and can
                  | become a bat while bloodless. [Vampire growth]
   638 | D:2      | Reached XP level 3. HP: 23/28 MP: 3/3
   663 | D:2      | Reached skill level 1 in Short Blades
   922 | D:2      | Reached skill level 4 in Stealth
   927 | D:2      | Reached XP level 4. HP: 34/34 MP: 4/4
  1526 | D:3      | Noticed Terence
  1539 | D:3      | Killed Terence
  1540 | D:3      | Reached skill level 5 in Stealth
  1820 | D:3      | Noticed Jessica
  1827 | D:3      | Killed Jessica
  1828 | D:3      | Reached XP level 5. HP: 40/40 MP: 5/5
  1951 | D:3      | Found a shadowy altar of Dithmenos.
  2323 | D:4      | Found a bloodstained altar of Trog.
  2328 | D:4      | Reached skill level 6 in Stealth
  2502 | D:3      | Became a worshipper of Dithmenos the Shadowed
  2583 | D:5      | Entered Level 5 of the Dungeon
  2592 | D:4      | Noticed Grinder
  2592 | D:4      | Noticed Eustachio
  2612 | D:4      | Killed Grinder
  2613 | D:4      | Reached skill level 7 in Stealth
  2613 | D:4      | Reached XP level 6. HP: 22/46 MP: 2/6
  2624 | D:4      | Killed Eustachio
  2625 | D:4      | Reached skill level 8 in Stealth
  2625 | D:4      | Reached XP level 7. HP: 26/51 MP: 3/7
  2796 | D:4      | Reached skill level 1 in Dodging
  2971 | D:4      | Noticed Sigmund
  2992 | D:4      | Killed Sigmund
  2993 | D:4      | Reached skill level 5 in Long Blades
  3531 | D:5      | Found an ancient bone altar of Kikubaaqudgha.
  3618 | D:5      | Found a faded altar of an unknown god.
  3618 | D:5      | Found an opulent altar of Gozag.
  3628 | D:5      | Found a sparkling altar of Nemelex Xobeh.
  3632 | D:5      | Found an ornate altar of the Wu Jian Council.
  3662 | D:5      | Reached * piety under Dithmenos
  3730 | D:5      | Reached XP level 8. HP: 44/57 MP: 6/8
  4036 | D:6      | Identified the +6 mace "Vossiuje" {venom, *Noise rC+ rCorr
                  | Str+2}
  4301 | D:6      | Reached skill level 5 in Dodging
  4866 | D:7      | Noticed Dowan
  4866 | D:7      | Noticed Duvessa
  4895 | D:7      | Killed Duvessa
  5004 | D:7      | Killed Dowan
  5078 | D:7      | Reached skill level 9 in Stealth
  5101 | D:7      | Noticed Prince Ribbit
  5109 | D:7      | Killed Prince Ribbit
  5110 | D:7      | Reached XP level 9. HP: 42/64 MP: 5/9
  5340 | D:7      | Found a staircase to the Ecumenical Temple.
  5355 | D:7      | Reached ** piety under Dithmenos
  6027 | D:8      | Noticed an unseen horror
  6031 | D:8      | Killed an unseen horror
  6054 | D:8      | Reached skill level 10 in Stealth
  6934 | D:9      | Reached skill level 11 in Stealth
  6960 | D:9      | Reached skill level 5 in Fighting
  6963 | D:9      | Reached XP level 10. HP: 72/74 MP: 10/10
  7381 | D:9      | Noticed a two-headed ogre
  7384 | D:9      | Killed a two-headed ogre
  7385 | D:9      | Reached skill level 12 in Stealth
  7424 | D:9      | Reached *** piety under Dithmenos
  7677 | D:9      | Noticed a two-headed ogre
  7689 | D:9      | HP: 3/76 [two-headed ogre/+0 giant club (13)]
  7699 | D:9      | Killed a two-headed ogre
  7947 | D:10     | Entered Level 10 of the Dungeon
  7969 | D:10     | Noticed Grum
  7975 | D:10     | Killed Grum
  7995 | D:10     | Found a hide-covered altar of Uskayaw.
  7996 | D:10     | Noticed a +0 dagger
  7996 | D:10     | Noticed a +0 hand axe
  8172 | D:10     | Found a staircase to the Lair.
  8274 | D:10     | Found a staircase to the Orcish Mines.
  8279 | D:10     | Noticed a gargoyle
  8363 | Lair:1   | Entered Level 1 of the Lair of Beasts
  8379 | Lair:1   | Identified a scroll of acquirement
  8381 | Lair:1   | Acquired a +6 double sword of freezing
  8394 | Lair:1   | Noticed a cane toad
  8412 | Lair:1   | Reached skill level 13 in Stealth
  8417 | Lair:1   | Reached XP level 11. HP: 33/83 MP: 11/11
  8583 | Lair:1   | Noticed P0068685's ghost (journeyman HuIE)
  8610 | Lair:1   | Reached skill level 10 in Long Blades
  8638 | Lair:1   | Demolished by a komodo dragon

Illustrated notes

Levels and vault maps discovered:
D:1:      moated_graveyard_arrival, layout_rooms, serial_shops, shop
D:2:      minmay_spotlight, layout_loops_ring, chequers_serial_rivers_large_a
D:3:      layout_loops_ring, mainiacjoe_overflow_boulevard, uniq_terence,
          uniq_jessica
D:4:      layout_basic, mainiacjoe_overflow_big_doors, uniq_sigmund,
          uniq_grinder, uniq_eustachio
D:5:      layout_rooms, mainiacjoe_overflow_cross_hatched,
          chequers_temple_overflow_minitemple, hex_intersection
D:6:      layout_basic
D:7:      layout_gridville, minmay_temple_entry_butterflies,
          minmay_misc_feat_ornament, uniq_menkaure, uniq_prince_ribbit1,
          uniq_duvessa
D:8:      layout_rooms
D:9:      layout_irregular_city, minmay_increasing_density
D:10:     layout_loops_ring, vehumet_statue, dancing_weapons_uskayaw,
          lair_entry_dummy, minmay_orc_entry_temple_small, the_hattery,
          uniq_grum
Lair:1:   beast_lair_carwin_large_3, layout_cellular_growth,
          gammafunk_ghost_split, grunt_megastairs_4

Skill      XL: |  1  2  3  4  5  6  7  8  9 10 11 |
---------------+----------------------------------+-----
Stealth        | 1 3 4 5 7 8 9 11 13 | 13.4
Short Blades   | 2 3 |  3.5
Long Blades    | 3 4 5 7 8 9 10 | 10.0
Dodging        | 3 6 7 9 |  9.6
Fighting       | 3 5 6 |  6.9
Armour         | |  2.4
Shields        | |  2.8

Action                     |  1- 3 |  4- 6 |  7- 9 | 10-12 || total
---------------------------+-------+-------+-------+-------++-------
  Melee: Long sword        |    46 |       |    55 |       ||   101
         Bite              |     9 |     9 |    50 |    32 ||   100
         Short sword       |    54 |   104 |   255 |       ||   413
         Dagger            |       |       |   256 |   131 ||   387
         Double sword      |       |       |       |    38 ||    38
    Use: Scroll            |       |     2 |     2 |     6 ||    10
         Potion            |       |     2 |       |     3 ||     5
   Stab: Sleeping          |     1 |     3 |     9 |    14 ||    27
         Distracted        |       |     1 |     1 |     1 ||     3
 Armour: Scale mail        |    42 |    21 |       |       ||    63
         Leather armour    |       |       |    72 |    24 ||    96
         Ring mail         |       |       |    34 |       ||    34
  Dodge: Dodged            |    40 |    31 |   321 |   127 ||   519
  Block: Buckler           |    18 |    17 |   106 |    34 ||   175

Table legend: (Time is in decaauts)
 A = Elapsed time spent in this place.
 B = Non-inter-level travel time spent in this place.
 C = Inter-level travel time spent in this place.
 D = Time resting spent in this place.
 E = Time spent auto-exploring this place.
 F = Levels seen in this place.
 G = Mean time per level.
                   A        B        C        D        E       F      G
               +--------+--------+--------+--------+--------+-----+--------+
         Total |   8469 |   7863 |    606 |    349 |   5490 |  11 |  769.9 |
       Dungeon |   8202 |   7598 |    604 |    311 |   5405 |  10 |  820.2 |
          Lair |    267 |    266 |      1 |     38 |     85 |   1 |  267.0 |
               +--------+--------+--------+--------+--------+-----+--------+

Top non-repeatable levels by time:
     D:4: 1302 daAuts
     D:7: 1063 daAuts
     D:9: 1036 daAuts
     D:6: 903 daAuts
     D:2: 849 daAuts
     D:3: 810 daAuts
     D:8: 793 daAuts
     D:1: 545 daAuts
     D:5: 487 daAuts
    D:10: 410 daAuts
  Lair:1: 267 daAuts
